 Dungeon Crawl Stone Soup version 0.19.1-1-g22dce08 (webtiles) character file.

25 Naow the Sneak (level 2, -1/13 HPs)
             Began as a Spriggan Enchanter on Dec 30, 2016.
             Slain by a hobgoblin
             ... wielding a +0 club
              (8 damage)
             ... on level 1 of the Dungeon.
             The game lasted 00:03:08 (1295 turns).

Naow the Sneak (Spriggan Enchanter)                 Turns: 1295, Time: 00:03:09

Health: -1/13      AC:  4    Str:  4    XL:     2   Next: 82%
Magic:  7/7        EV: 19    Int: 16    God:
Gold:   93         SH:  0    Dex: 16    Spells: 2 memorised, 4 levels left

rFire  . . .     SeeInvis +     a - +1 dagger
rCold  . . .     Gourm    .     b - +1 robe
rNeg   . . .     Faith    .     (shield restricted)
rPois  .         Spirit   .     h - +0 hat {SInv}
rElec  .         Reflect  .     f - +0 cloak
rCorr  .         Harm     .     (gloves unavailable)
MR     .....                    (boots unavailable)
Stlth  +++.......               (no amulet)
                                (no ring)
                                (no ring)

@: very quick
A: unfitting armour, see invisible, herbivore 3, speed 3, slow metabolism 2
a: no special abilities


You were on level 1 of the Dungeon.
You were not hungry.

You visited 1 branch of the dungeon, and saw 2 of its levels.

You collected 93 gold pieces.

Inventory:

Hand Weapons
 a - a +1 dagger (weapon)
Armour
 b - a +1 robe (worn)
 f - a +0 cloak (worn)
 h - a +0 hat of see invisible (worn)
Scrolls
 g - 3 scrolls of identify {unknown}
 j - a scroll of fear {unknown}
Potions
 e - a potion of heal wounds {unknown}
 i - a potion of curing {unknown}
Books
 c - a book of Maledictions

   Spells                             Type                      Level
   a - Corona                         Hexes                        1
   b - Ensorcelled Hibernation        Hexes/Ice                    2
   c - Confuse                        Hexes                        3
   d - Tukima's Dance                 Hexes                        3
   e - Dazzling Spray                 Conjuration/Hexes            3
Comestibles
 d - a bread ration


   Skills:
 + Level 2.0 Short Blades
 + Level 3.5 Dodging
 + Level 4.5 Stealth
 + Level 3.1 Spellcasting
 + Level 3.9 Hexes


You had 4 spell levels left.
You knew the following spells:

 Your Spells              Type           Power        Failure   Level  Hunger
a - Corona                Hex            ###....      4%          1    #......
b - Ensorcelled Hibernat  Hex/Ice        #.....       14%         2    ##.....


Dungeon Overview and Level Annotations

Branches:
Dungeon (2/15)

Altars:


Innate Abilities, Weirdness & Mutations

You are very small and have problems with some larger weapons.
You are too small for most types of armour.
You have supernaturally acute eyesight. (SInv)
You are a herbivore.
You cover ground extremely quickly.
You need consume almost no food.


Message History

The hobgoblin hits you with a club.
You barely miss the hobgoblin.
The hobgoblin is moderately wounded.
The hobgoblin barely misses you.
You hit the hobgoblin but do no damage.
The hobgoblin is moderately wounded.
The hobgoblin misses you.
You hit the hobgoblin.
The hobgoblin is severely wounded.
The hobgoblin misses you.
You hit the hobgoblin but do no damage.
The hobgoblin is severely wounded.
You closely miss the hobgoblin.
The hobgoblin is severely wounded.
The hobgoblin closely misses you.
You hit the hobgoblin but do no damage.
The hobgoblin is severely wounded.
The hobgoblin hits you with a club!
Ouch! That really hurt!
You die...

.l.>........................
######.###)......(.#.#..... #.#
####....#.#...##.# #.#
#....+.#.####.. #.##
##....#.#.#####.
#..####.....#.........
##÷.........#.#######.
######....g÷...###.........
#.......÷.@....# ##########
#........(.....# #........
###.###..........# #........
#...#.#..........# #........
###.###.###.###########).......
#...#.....#...# #..............
#.###.###.###.# #........######
##.#...# #...#.# #.......>#
#..###.###.###.# #.....[..#


You could see a hobgoblin.

Vanquished Creatures
  A dart slug (D:1)
  2 giant cockroaches (D:1)
  A ball python (D:1)
  4 bats (D:1)
  4 frilled lizards
  6 goblins (D:1)
  A kobold (D:1)
  7 rats (D:1)
26 creatures vanquished.

Notes
Turn   | Place    | Note
-------+----------+-------------------------------------------
     0 | D:1      | Naow the Spriggan Enchanter began the quest for the Orb.
     0 | D:1      | Reached XP level 1. HP: 9/9 MP: 5/5
   537 | D:1      | Reached XP level 2. HP: 10/13 MP: 6/6
   769 | D:1      | Learned a level 2 spell: Ensorcelled Hibernation
  1295 | D:1      | Slain by a hobgoblin

Skill      XL: |  1  2 |
---------------+-------+-----
Spellcasting   | 3 |  3.1
Short Blades   | 2 |  2.0
Dodging        | |  3.5
Stealth        | |  4.5
Hexes          | |  3.9

Action                   || total
-------------------------++-------
Melee: Dagger            ||   104
 Cast: Ensorcelled Hiber ||     2
 Stab: Sleeping          ||     8
Armor: Robe              ||    19
Dodge: Dodged            ||    89
